 Dungeon Crawl Stone Soup version 0.22-a0-271-gc000056 (webtiles) character file.

359 nikopol the Chopper (level 6, -6/53 HPs)
             Began as a Hill Orc Fighter on Mar 11, 2018.
             Was an Initiate of Okawaru.
             Mangled by a gnoll
             ... wielding a +0 club
              (9 damage)
             ... on level 4 of the Dungeon.
             The game lasted 00:06:01 (2811 turns).

nikopol the Chopper (Hill Orc Fighter)              Turns: 2811, Time: 00:06:01

Health: -6/53      AC:  8    Str: 21    XL:     6   Next: 65%
Magic:  6/6        EV:  7    Int:  8    God:    Okawaru [......]
Gold:   140        SH:  9    Dex: 10    Spells: 5/5 levels left

rFire    . . .     SeeInvis .   a - +0 war axe
rCold    . . .     Gourm    .   c - +0 shield
rNeg     . . .     Faith    .   b - +0 scale mail
rPois    .         Spirit   .   (no helmet)
rElec    .         Reflect  .   (no cloak)
rCorr    +         Harm     .   (no gloves)
MR       .....                  w - +0 pair of boots
Stlth    ..........             (no amulet)
HPRegen  0.17/turn              j - ring of loudness (curse)
MPRegen  0.10/turn              y - ring of resist corrosion

@: no status effects
A: no striking features
a: Renounce Religion


You were on level 4 of the Dungeon.
You worshipped Okawaru.
Okawaru was noncommittal.
You were not hungry.

You visited 1 branch of the dungeon, and saw 4 of its levels.

You collected 140 gold pieces.

Inventory:

Hand Weapons
 a - a +0 war axe (weapon)
 s - a +4 morningstar of holy wrath
Missiles
 z - 3 poisoned javelins (quivered)
Armour
 b - a +0 scale mail (worn)
 c - a +0 shield (worn)
 w - a +0 pair of boots (worn)
Jewellery
 j - a cursed ring of loudness (left hand)
 y - a ring of resist corrosion (right hand)
Wands
 D - a wand of flame (21)
Scrolls
 e - 2 scrolls of amnesia {unknown}
 g - 3 scrolls of identify {unknown}
 k - 2 scrolls of remove curse {unknown}
 n - a scroll of fear {unknown}
 o - a scroll of enchant armour {unknown}
 p - 2 scrolls of enchant weapon {unknown}
 B - a scroll of teleportation {unknown}
Potions
 h - a potion of flight {unknown}
 i - 2 potions of cancellation {unknown}
 l - a potion of brilliance {unknown}
 m - 2 potions of lignification {unknown}
 q - a potion of experience {unknown}
 r - 2 potions of resistance {unknown}
 t - a potion of agility {unknown}
 u - a potion of mutation {unknown}
 v - a potion of invisibility {unknown}
 x - a potion of heal wounds {unknown}
 A - a potion of haste {unknown}
 C - a potion of berserk rage {unknown}
Comestibles
 d - 3 chunks of flesh
 f - 9 rations


   Skills:
 + Level 4.5 Fighting
 + Level 6.1 Axes
 + Level 4.8 Armour
 + Level 0.3 Dodging
 + Level 4.6 Shields


You had 5 spell levels left.
You didn't know any spells.

Dungeon Overview and Level Annotations

Branches:
Dungeon (4/15)
 Temple: D:4-7

Altars:
Ashenzari
Elyvilon
Fedhas
Kikubaaqudgha
Nemelex Xobeh
Okawaru


Message History

You slash the gnoll! You hit the gnoll but do no damage.
You block the gnoll's attack.
The gnoll hits you but does no damage. x3
You barely miss the gnoll.
The gnoll is heavily wounded.
You slash the gnoll!
You kill the gnoll!
Okawaru accepts your kill.
You hit the gnoll but do no damage. The gnoll hits you but does no damage.
You are electrocuted!
The gnoll barely misses you. The gnoll hits you but does no damage.
The gnoll hits you with a whip of electrocution.
You hit the gnoll.
The gnoll is heavily wounded.
You closely miss the gnoll. You hit the gnoll. The gnoll barely misses you.
You block the gnoll's attack. The gnoll barely misses you.
The gnoll hits you with a whip of electrocution.
You are electrocuted!
* * * LOW HITPOINT WARNING * * *
The gnoll hits you with a club!
You die...

..........# ...#
..........# ....
..........#+####..#
###+##........##..#
#....#........#...#
+....#........#...# .
#....#........#...# ...
##'###..........g##.....
#...###..##...##@g......
........####.####g......
.......##..#'#..##g.....
.......##.[.....# ......
#'####..##.._..## .....
.........##...## .....
.......[..##.## ....
...........### ....
............


You could see 4 gnolls.

Vanquished Creatures
  An ogre (D:3)
  An orc priest (D:4)
  An orc wizard (D:4)
  Jessica (D:4)
  7 gnolls
  5 adders
  2 worms (D:2)
  2 dart slugs (D:3)
  2 leopard geckos (D:1)
  2 orcs
  2 giant cockroaches
  4 goblins
  5 hobgoblins
  4 jackals
  2 quokkas (D:2)
  5 bats
  5 frilled lizards
  3 kobolds
  4 rats
58 creatures vanquished.

Vanquished Creatures (others)
  An orc wizard (D:4)
1 creature vanquished.

Grand Total: 59 creatures vanquished

Notes
Turn   | Place    | Note
-------+----------+-------------------------------------------
     0 | D:1      | nikopol the Hill Orc Fighter began the quest for the Orb.
     0 | D:1      | Reached XP level 1. HP: 19/19 MP: 1/1
   248 | D:1      | Reached XP level 2. HP: 26/27 MP: 2/2
   595 | D:2      | Reached skill level 3 in Axes
   871 | D:2      | Reached XP level 3. HP: 22/33 MP: 3/3
  1302 | D:2      | Reached XP level 4. HP: 21/40 MP: 4/4
  1307 | D:2      | Reached skill level 4 in Axes
  1979 | D:3      | Noticed an ogre
  1981 | D:3      | Reached XP level 5. HP: 39/46 MP: 5/5
  1984 | D:3      | Killed an ogre
  1984 | D:3      | Reached skill level 5 in Axes
  2086 | D:3      | Found a blossoming altar of Fedhas.
  2115 | D:3      | Found an ancient bone altar of Kikubaaqudgha.
  2115 | D:3      | Found a faded altar of an unknown god.
  2120 | D:3      | Found a white marble altar of Elyvilon.
  2122 | D:3      | Found a faded altar of an unknown god.
  2124 | D:3      | Found an iron altar of Okawaru.
  2204 | D:3      | Became a worshipper of Warmaster Okawaru
  2291 | D:3      | Found a shattered altar of Ashenzari.
  2527 | D:4      | Reached XP level 6. HP: 50/53 MP: 6/6
  2540 | D:4      | Reached skill level 6 in Axes
  2774 | D:4      | Found a sparkling altar of Nemelex Xobeh.
  2774 | D:4      | Noticed Jessica
  2787 | D:4      | Killed Jessica
  2811 | D:4      | Mangled by a gnoll

Vault maps used:
D:1:      scummos_arrival_simple_fountains
D:2:      first_ration
D:3:      lemuel_doored_altar, nicolae_ashenzari_panopticon,
          chequers_temple_overflow_minitemple
D:4:      serial_glass, glass_columns_b, glass_columns_b, serial_park_tiny_1,
          nemelex_lonely_heart_becter, uniq_robin, uniq_blork_the_orc

Skill      XL: |  1  2  3  4  5  6 |
---------------+-------------------+-----
Axes           | 3 4 5 6 |  6.1
Fighting       | 4 |  4.5
Armour         | 4 |  4.8
Shields        | 4 |  4.6
Dodging        | |  0.3

Action                   |  1- 3 |  4- 6 || total
-------------------------+-------+-------++-------
Melee: War axe           |    99 |    94 ||   193
  Use: Potion            |       |     1 ||     1
  Eat: Chunk             |     1 |     5 ||     6
Armor: Scale mail        |    53 |    51 ||   104
Dodge: Dodged            |    37 |    25 ||    62
Block: Shield            |    54 |    60 ||   114

Table legend:
 A = Spawn XP
 B = Non-spawn XP
 C = Spawn XP percentage of total XP
 D = Spawn monster count
 E = Non-spawn monster count
 F = Spawn count percentage of total count
 G = Total turns spent on level
                    A         B        C        D         E        F      G
               +---------+---------+-------+---------+---------+-------+---------
         Total |       0 |     513 |   0.0 |       0 |      59 |   0.0 |  2811
               +---------+---------+-------+---------+---------+-------+---------
           D:1 |       0 |      17 |   0.0 |       0 |      10 |   0.0 |   574
           D:2 |       0 |     142 |   0.0 |       0 |      26 |   0.0 |  1374
           D:3 |       0 |     145 |   0.0 |       0 |      12 |   0.0 |   512
           D:4 |       0 |     209 |   0.0 |       0 |      11 |   0.0 |   351
               +---------+---------+-------+---------+---------+-------+---------
